 Dungeon Crawl Stone Soup version 0.24-a0-715-g0b739ee41d (webtiles) character file.

Game seed: 8604688661145279839, levelgen mode: deterministic

1857 DevastatorOne the Party-goer (level 8, -6/60 HPs)
             Began as a Demonspawn Fighter on Sept 30, 2019.
             Was a Priest of Uskayaw.
             Mangled by Edmund
             ... wielding a +1 dire flail of draining
              (8 damage)
             ... on level 5 of the Dungeon.
             The game lasted 00:13:47 (5644 turns).

DevastatorOne the Party-goer (Demonspawn Fighter)   Turns: 5644, Time: 00:13:48

Health: -6/60      AC:  8    Str: 18    XL:     8   Next: 89%
Magic:  14/14      EV:  6    Int: 10    God:    Uskayaw [***...]
Gold:   330        SH: 10    Dex: 16    Spells: 7/7 levels left

rFire    . . .     SeeInvis .   y - +9 falchion "Sosyrho" {vamp, *Rage rElec Dex+3}
rCold    . . .     Gourm    .   A - +2 shield
rNeg     . . .     Faith    .   b - +0 scale mail
rPois    .         Spirit   .   (no helmet)
rElec    +         Reflect  .   (no cloak)
rCorr    .         Harm     .   g - +0 pair of gloves (curse)
MR       .....     Rnd*Rage +   q - +0 pair of boots
Stlth    ..........             (no amulet)
HPRegen  0.20/turn              (no ring)
MPRegen  0.14/turn              (no ring)

@: drained
A: talons 1, foul stench 1, rot immunity
a: Stomp, Line Pass, Renounce Religion


You were on level 5 of the Dungeon.
You worshipped Uskayaw.
Uskayaw was aware of your devotion.
You were near starving.

You visited 2 branches of the dungeon, and saw 6 of its levels.
You also visited: Sewer.

You collected 330 gold pieces.

Inventory:

Hand Weapons
 a - a +0 war axe
 k - a +0 morningstar
 y - the +9 falchion "Sosyrho" (weapon) {vamp, *Rage rElec Dex+3}
   (You found it on level 4 of the Dungeon)

   It inflicts no extra harm, but heals its wielder when it wounds a living foe.
   It affects your dexterity (+3).
   It insulates you from electricity.
   It may make you go berserk in combat.
Missiles
 i - 2 atropa-tipped darts (quivered)
Armour
 b - a +0 scale mail (worn)
 c - a +0 shield
 g - a cursed +0 pair of gloves (worn)
 q - a +0 pair of boots (worn)
 A - a +2 shield (worn)
Jewellery
 m - an uncursed amulet of magic regeneration {unknown}
 r - a cursed ring of teleportation {unknown}
Wands
 t - a wand of iceblast (13)
Scrolls
 e - 4 scrolls of identify {unknown}
 h - 3 scrolls of remove curse {unknown}
 j - 7 scrolls of teleportation {unknown}
 l - 3 scrolls of enchant armour {unknown}
 n - a scroll of fear {unknown}
 o - 2 scrolls of fog {unknown}
 s - a scroll of magic mapping {unknown}
 w - a scroll of noise {unknown}
Potions
 d - 3 potions of might
 p - 3 potions of curing {unknown}
 u - a potion of agility {unknown}
 v - a potion of flight {unknown}
 x - 2 potions of mutation {unknown}
 z - a potion of berserk rage {unknown}
Comestibles
 f - 7 rations


   Skills:
 * Level 4.0(2.9) Fighting
 * Level 2.1(1.1) Long Blades
 - Level 8.2(7.0) Axes
 - Level 2.6(1.6) Armour
 - Level 2.6(1.6) Shields
 + Level 8.4(7.2) Invocations


You had 7 spell levels left.
You didn't know any spells.
Your spell library was empty.

Dungeon Overview and Level Annotations

Branches:
Dungeon (5/15)             Temple (1/1) D:4           Sewer (visited)

Altars:
Ashenzari
Cheibriados
Dithmenos
Fedhas
Makhleb
Nemelex Xobeh
Okawaru
Qazlal
Ru
Sif Muna
Uskayaw
Vehumet
Wu Jian
Yredelemnul
The Shining One

Shops:
D:4 %

Annotations:
D:5 Edmund


Innate Abilities, Weirdness & Mutations

You have sharp toenails.
You may emit foul miasma when damaged in melee.
You are immune to rotting.


Message History

Edmund the Younger comes into view.
He is wielding a +1 dire flail of draining.
The wight hits you with a +0 long sword of slicing.
You feel drained. You block the centaur's attack.
You hit the centaur.
The centaur is heavily wounded.
The centaur hits you!
* * * LOW HITPOINT WARNING * * *
You emit a cloud of foul miasma!
The wight hits you with a +0 long sword of slicing!
* * * LOW HITPOINT WARNING * * *
You feel drained.
* * * LOW HITPOINT WARNING * * *
x2 The centaur is engulfed in dark miasma.
The centaur is poisoned.
The centaur seems to slow down.
The centaur hits you.
* * * LOW HITPOINT WARNING * * *
Okay, then.
The wight closely misses you.
The centaur is engulfed in dark miasma.
The centaur looks even sicker.
Edmund hits you with a +1 dire flail of draining!
You die...

.....# #.# #.....
......###.###.#.# #
................# ...
.......<.....?..#....
#####.....[.)........
#..........#....
##.....)...ยง# .
....."......@c#
.###.......@.z#
######..###.....#
....## .##### .......
.# ..####### ## #


You could see Edmund, a centaur and a wight.

Vanquished Creatures
  Pikel (D:4)
  Menkaure (D:4)
  An ice beast (D:5)
  A slave (D:3)
  A black bear (D:4)
  A phantom (D:5)
  6 big kobolds (Sewer)
  A scorpion (D:4)
  2 wights (D:5)
  A hound (D:4)
  A centaur skeleton (D:4)
  Ijyb (D:4)
  Jessica (D:2)
  A bullfrog skeleton (D:4)
  Terence (D:3)
  A worker ant (D:4)
  Natasha (thrice) (D:4)
  8 adders
  3 river rats (Sewer)
  2 oozes (Sewer)
  An adder skeleton (D:5)
  9 worms
  2 dart slugs
  3 leopard geckos
  An orc (D:4)
  10 bats
  A giant cockroach (D:1)
  8 goblins
  2 hobgoblins
  6 jackals
  2 ball pythons
  A frilled lizard (D:1)
  10 kobolds
  A leopard gecko skeleton (D:4)
  8 rats
103 creatures vanquished.

Notes
Turn   | Place    | Note
-------+----------+-------------------------------------------
     0 | D:1      | DevastatorOne the Demonspawn Fighter began the quest for
                  | the Orb.
     0 | D:1      | Reached XP level 1. HP: 18/18 MP: 1/1
    99 | D:1      | Gained mutation: You have sharp toenails. [demonic
                  | ancestry]
    99 | D:1      | Reached XP level 2. HP: 13/24 MP: 2/2
   661 | D:2      | Noticed Jessica
   668 | D:2      | Killed Jessica
   668 | D:2      | Reached XP level 3. HP: 23/29 MP: 3/3
   897 | D:2      | Reached XP level 4. HP: 27/35 MP: 4/4
  1595 | D:3      | Noticed Terence
  1617 | D:3      | Killed Terence
  1741 | D:3      | Reached XP level 5. HP: 13/41 MP: 5/5
  2008 | D:3      | Found a glowing drain.
  2013 | D:3      | Reached skill level 5 in Axes
  2024 | Sewer    | Entered a sewer
  2339 | Sewer    | Gained mutation: You are immune to rotting. [demonic
                  | ancestry]
  2339 | Sewer    | Reached XP level 6. HP: 35/47 MP: 6/6
  3155 | Sewer    | Reached XP level 7. HP: 36/52 MP: 7/7
  3436 | D:4      | Found a sparkling altar of Nemelex Xobeh.
  3436 | D:4      | Found a snail-covered altar of Cheibriados.
  3436 | D:4      | Found a shimmering blue altar of Sif Muna.
  3436 | D:4      | Noticed Menkaure
  3773 | D:4      | Noticed Ijyb
  3788 | D:4      | Killed Ijyb
  3805 | D:4      | Found Peatyv's Food Shop.
  3813 | D:4      | Found an ornate altar of the Wu Jian Council.
  3829 | D:4      | Noticed Pikel
  3851 | D:4      | HP: 2/52 [slave[Pikel] (3)]
  4327 | D:4      | Found a staircase to the Ecumenical Temple.
  4364 | Temple   | Entered the Ecumenical Temple
  4607 | Temple   | Became a worshipper of Uskayaw the Reveler
  4652 | D:4      | Reached * piety under Uskayaw
  4688 | D:4      | Got a jewelled falchion
  4689 | D:4      | Identified the +9 falchion "Sosyrho" {vamp, *Rage rElec
                  | Dex+3} (You found it on level 4 of the Dungeon)
  4726 | D:4      | Killed Menkaure
  4726 | D:4      | Reached skill level 1 in Invocations
  4726 | D:4      | Reached ** piety under Uskayaw
  4981 | D:4      | Gained mutation: You may emit foul miasma when damaged in
                  | melee. [demonic ancestry]
  4981 | D:4      | Reached XP level 8. HP: 58/58 MP: 8/10
  5022 | D:4      | Noticed Natasha
  5027 | D:4      | Killed Natasha
  5035 | D:4      | Noticed Natasha
  5039 | D:4      | Killed Natasha
  5046 | D:4      | Found a shadowy altar of Dithmenos.
  5080 | D:4      | Reached *** piety under Uskayaw
  5081 | D:4      | Killed Pikel
  5198 | D:4      | Found a shattered altar of Ashenzari.
  5338 | D:5      | Entered Level 5 of the Dungeon
  5350 | D:5      | Reached skill level 1 in Long Blades
  5351 | D:5      | Reached **** piety under Uskayaw
  5396 | D:4      | HP: 3/60 [poisoned by a scorpion]
  5402 | D:4      | HP: 2/60 [poisoned by a scorpion]
  5410 | D:4      | HP: 2/60 [poisoned by a scorpion]
  5601 | D:4      | Noticed Natasha
  5606 | D:4      | Killed Natasha
  5641 | D:5      | Noticed Edmund
  5642 | D:5      | HP: 2/60 [centaur (5)]
  5644 | D:5      | Mangled by Edmund

Levels and vault maps discovered:
D:1:      saegor_arrival_miasma, layout_basic
D:2:      layout_loops_corners, minmay_goblin_outpost, uniq_jessica
D:3:      minmay_door_path, layout_rooms, first_ration, portal_sewer_entry_d,
          minmay_distorted, uniq_terence
D:4:      layout_loops_ring, marbit_many_paths, lemuel_coloured_pillars_altar,
          grunt_temple_overflow_open, overflow_temple_1_default,
          minmay_temple_entry_mist, serial_shops, nicolae_shop_statue_plus,
          grunt_ministairs_4, minmay_goblin_kobold_house, uniq_pikel,
          uniq_natasha, uniq_ijyb, uniq_menkaure
D:5:      layout_rooms, minitemple, uniq_edmund
Temple:   jpeg_temple_island

Skill      XL: |  1  2  3  4  5  6  7  8 |
---------------+-------------------------+-----
Axes           | 2 3 4 5 7 8 |  8.2
Invocations    | 3 8 |  8.4
Long Blades    | 2 |  2.1
Fighting       | 4 |  4.0
Armour         | |  2.6
Shields        | |  2.6

Action                   |  1- 3 |  4- 6 |  7- 9 || total
-------------------------+-------+-------+-------++-------
Melee: War axe           |    67 |   297 |    86 ||   450
       Kick              |     7 |     4 |       ||    11
       Falchion          |       |       |    69 ||    69
Throw: Dart              |       |     4 |     2 ||     6
  Use: Potion            |       |     1 |     1 ||     2
 Stab: Invisible         |       |     1 |       ||     1
       Paralysed         |       |       |     5 ||     5
  Eat: Chunk             |       |     8 |     7 ||    15
Armor: Scale mail        |    36 |   118 |    63 ||   217
       Skin              |       |     5 |       ||     5
Dodge: Dodged            |    25 |    64 |    46 ||   135
Block: Shield            |    37 |   111 |   102 ||   250
       Rpst.: Falchion   |       |       |     5 ||     5

Table legend:
 A = Non-vault XP
 B = Vault XP
 C = Vault XP percentage of total XP
 D = Non-vault monster count
 E = Vault monster count
 F = Vault count percentage of total count
                 A         B        C        D         E       F
            +---------+---------+-------+---------+---------+-------
      Total |     893 |    1760 |  66.3 |      59 |      43 |  42.2
            +---------+---------+-------+---------+---------+-------
        D:1 |      22 |       0 |   0.0 |      14 |       0 |   0.0
        D:2 |      60 |      47 |  43.9 |      16 |       6 |  27.3
        D:3 |      45 |      54 |  54.5 |      14 |       3 |  17.6
        D:4 |     396 |     941 |  70.4 |      10 |       6 |  37.5
        D:5 |     370 |       0 |   0.0 |       5 |       0 |   0.0
      Sewer |       0 |     718 | 100.0 |       0 |      28 | 100.0
            +---------+---------+-------+---------+---------+-------
